 Dungeon Crawl Stone Soup version 0.31-a0-202-g547052bce9 (webtiles) character file.

Game seed: 17657262064924326941

252 qw the Skirmisher (level 5, -1/30 HPs)
             Began as a Deep Elf Hunter on June 26, 2023.
             Slain by an iguana (8 damage)
             ... on level 4 of the Dungeon.
             The game lasted 00:01:11 (2625 turns).

qw the Skirmisher (Deep Elf Hunter)                 Turns: 2625, Time: 00:01:12

Health: -1/30      AC:  8    Str: 10    XL:     5   Next: 89%
Magic:  0/7        EV: 11    Int: 14    God:
Gold:   159        SH:  0    Dex: 18    Spells: 4/4 levels left

rFire   + . .        Y - +0 shortbow
rCold   . . .        (shield currently unavailable)
rNeg    . . .        b - +0 ring mail
rPois   +            e - +0 helmet
rElec   .            d - +0 cloak
rCorr   .            (no gloves)
SInv    .            f - +0 pair of boots
Will    .....        n - amulet of guardian spirit
Stlth   +            h - ring of poison resistance
HPRegen 0.25/turn    l - ring of protection from fire
MPRegen 0.10/turn

%: guardian spirit
@: no status effects
A: no striking features
a: no special abilities


You were on level 4 of the Dungeon.
You visited 1 branch of the dungeon, and saw 4 of its levels.

You collected 159 gold pieces.


   Skills:
 - Level 2.0 Fighting
 + Level 9.0 Ranged Weapons
 - Level 1.0 Armour
 - Level 2.4 Dodging
 - Level 1.2 Stealth


You had 4 spell levels left.
You didn't know any spells.
Your spell library was empty.

Inventory:

Hand Weapons
 Y - a +0 shortbow (weapon)
Armour
 b - a +0 ring mail (worn)
 d - a +0 cloak (worn)
 e - a +0 helmet (worn)
 f - a +0 pair of boots (worn)
Jewellery
 h - a ring of poison resistance (left hand)
 l - a ring of protection from fire (right hand)
 n - an amulet of guardian spirit (around neck)
Scrolls
 i - 3 scrolls of identify
Potions
 c - a potion of cancellation
 g - 2 potions of might
 k - a potion of curing

Dungeon Overview and Level Annotations

Branches:
Dungeon (4/15)
 Temple: D:4-7

Altars:
Makhleb
Zin

Annotations:
D:3 2 transporters, 3 runed translucent doors, qw's ghost, weakling DEHu
D:4 Grinder


Message History

You kill the quokka!
A quokka comes into view.
You shoot an arrow. The arrow hits the quokka.
The quokka is moderately wounded.
You hear a shout!
You hear an angry hiss.
You shoot an arrow. The arrow hits the quokka.
The quokka is heavily wounded.
Grinder comes into view.
You shoot an arrow. The arrow closely misses the quokka.
You shoot an arrow. The arrow closely misses the quokka.
You shoot an arrow. The arrow hits the quokka.
You kill the quokka!
An iguana comes into view.
Grinder hits you.
You writhe in agony.
You shoot an arrow. The arrow closely misses Grinder.
Grinder hits you.
You writhe in agony.
You shoot an arrow. The arrow hits Grinder.
Grinder is lightly wounded.
Grinder barely misses you.
You shoot an arrow. The arrow barely misses Grinder.
The iguana bites you but does no damage.
Grinder blinks!
You shoot an arrow. The arrow hits the iguana.
The iguana is lightly wounded.
The iguana bites you.
You shoot an arrow. The arrow closely misses the iguana.
The iguana barely misses you.
Grinder says, "At least Makhleb appreciates what I'm doing."
The iguana bites you!
You shoot an arrow.
The arrow hits the iguana but does no damage.
The iguana is lightly wounded.
The iguana bites you but does no damage.
Grinder blinks!
You shoot an arrow. The arrow hits the iguana.
The iguana is heavily wounded.
The iguana closely misses you.
You shoot an arrow. The arrow barely misses the iguana.
The iguana bites you!
You die...

#..##....########
#.....#..# #
...#....########.#
## ###.###.......#
#............
#####........
#...#........
#.#.#l#.#.#######
#.....@........#
#...#.#.#.####.#
#. #.#.#.# #.#.#.#
..#.#.# #.#.#.#
....#.# #####.#


You could see an iguana.

Vanquished Creatures
  Jessica (D:3)
  An iguana (D:4)
  An orc wizard (D:3)
  3 gnolls (D:3)
  3 adders
  3 worms
  5 dart slugs
  8 orcs
  7 bats
  8 endoplasms
  4 giant cockroaches
  3 goblins
  A hobgoblin (D:3)
  8 jackals
  11 quokkas
  7 ball pythons
  5 frilled lizards
  5 kobolds
  7 rats
91 creatures vanquished.

Notes
Turn   | Place    | Note
-------+----------+-------------------------------------------
     0 | D:1      | qw the Deep Elf Hunter began the quest for the Orb.
     0 | D:1      | Reached XP level 1. HP: 12/12 MP: 3/3
     0 | D:1      | 0 ||| qw: Version: 0.3-a-22-g0ed2b0b
     0 | D:1      | 0 ||| qw: Game counter: 5794
     0 | D:1      | 0 ||| qw: Melee chars always use a shield: true
     0 | D:1      | 0 ||| qw: God list: Okawaru
     0 | D:1      | 0 ||| qw: Allow faded altars: false
     0 | D:1      | 0 ||| qw: Do Orc after clearing Dungeon:15 true
     0 | D:1      | 0 ||| qw: Do second Lair branch before Depths: true
     0 | D:1      | 0 ||| qw: Lair rune preference: random
     0 | D:1      | 0 ||| qw: Goals: Normal
     0 | D:1      | 0 ||| PLANNING D:1-11
     4 | D:1      | 4 ||| Stepping ~*~*~tactically~*~*~ (water).
     7 | D:1      | 7 ||| Stepping ~*~*~tactically~*~*~ (water).
   102 | D:1      | Reached XP level 2. HP: 16/16 MP: 4/4
   107 | D:1      | Reached skill level 6 in Ranged Weapons
   449 | D:1      | Reached XP level 3. HP: 20/20 MP: 5/5
   748 | D:1      | Reached skill level 7 in Ranged Weapons
   889 | D:1      | 889 ||| UPGRADING to +0 cloak.
   894 | D:1      | 894 ||| UPGRADING to +1 hat.
   899 | D:1      | 899 ||| UPGRADING to ring of poison resistance.
   900 | D:1      | 900 ||| READING 2 scrolls labelled ATHOFU ADWASK.
   901 | D:1      | 901 ||| READING 3 scrolls labelled JEVUBI IVUAH.
   902 | D:1      | 902 ||| DRINKING 2 black potions.
   903 | D:1      | 903 ||| READING 2 scrolls of identify.
   903 | D:1      | 903 ||| IDENTIFYING amethyst potion
   904 | D:1      | 904 ||| DROPPING scroll of amnesia.
   905 | D:1      | 905 ||| DROPPING scroll of butterflies.
   906 | D:1      | 906 ||| DROPPING potion of lignification.
   907 | D:1      | 907 ||| DROPPING potion of attraction.
  1164 | D:2      | Reached XP level 4. HP: 25/25 MP: 6/6
  1681 | D:2      | 1681 ||| UPGRADING to +0 ring mail.
  1691 | D:2      | 1691 ||| DROPPING +0 leather armour.
  1692 | D:2      | 1692 ||| UPGRADING to +0 helmet.
  1702 | D:2      | 1702 ||| UPGRADING to +0 pair of boots.
  1707 | D:2      | 1707 ||| DROPPING +1 hat.
  1708 | D:2      | 1708 ||| UPGRADING to amulet of guardian spirit.
  1713 | D:2      | 1713 ||| UPGRADING to ring of protection from fire.
  1714 | D:2      | 1714 ||| READING scroll labelled BESICZ EH MOON.
  1715 | D:2      | 1715 ||| READING scroll labelled POJYIC RINK.
  1716 | D:2      | 1716 ||| DRINKING 2 smoky golden potions.
  1717 | D:2      | 1717 ||| READING 3 scrolls of identify.
  1717 | D:2      | 1717 ||| IDENTIFYING white potion
  1746 | D:3      | Noticed qw's ghost (weakling DEHu)
  1769 | D:3      | Found a burning altar of Makhleb.
  1770 | D:3      | Found a glowing silver altar of Zin.
  1770 | D:3      | Noticed an angel
  1775 | D:3      | Noticed an Executioner
  1852 | D:3      | Reached skill level 8 in Ranged Weapons
  1852 | D:3      | 1852 ||| FLEEEEING.
  1861 | D:3      | 1861 ||| FLEEEEING.
  1874 | D:3      | Reached skill level 1 in Armour
  1907 | D:3      | Reached XP level 5. HP: 29/29 MP: 7/7
  1921 | D:3      | Noticed Jessica
  1927 | D:3      | Killed Jessica
  1973 | D:3      | Found a transporter.
  1993 | D:3      | 1993 ||| Stepping ~*~*~tactically~*~*~ (outnumbered).
  2095 | D:3      | Found a transporter.
  2159 | D:3      | Found a runed translucent gate.
  2159 | D:3      | Found a runed translucent gate.
  2161 | D:3      | Found a runed translucent gate.
  2161 | D:3      | Identified the ring "Mupel" {Fly rN+ Will+}
  2255 | D:3      | Reached skill level 9 in Ranged Weapons
  2490 | D:3      | 2490 ||| READING scroll labelled VOWOFR ZO RAKE.
  2491 | D:3      | 2491 ||| READING scroll labelled HIT WIBLADIPP.
  2492 | D:3      | 2492 ||| READING scroll labelled JIVOZA ACRYAQA.
  2493 | D:3      | 2493 ||| READING scroll labelled NUMAXE IT AMEA.
  2537 | D:3      | 2537 ||| READING 4 scrolls of identify.
  2537 | D:3      | 2537 ||| IDENTIFYING fizzy inky potion
  2614 | D:4      | Noticed Grinder
  2622 | D:4      | HP: 7/30 [iguana (11)]
  2625 | D:4      | Slain by an iguana

Levels and vault maps discovered:
D:1:      psy_arrival_radial02, layout_basic
D:2:      layout_basic
D:3:      gammafunk_steamed_eel, layout_rooms,
          grunt_temple_overflow_order_and_chaos_2, gammafunk_ghost_split,
          nicolae_concentric_dashed_squares_wild, grunt_decor_fettered,
          nicolae_titane, uniq_jessica
D:4:      layout_basic, uniq_blork_the_orc, uniq_grinder

Skill      XL: |  1  2  3  4  5 |
---------------+----------------+-----
Ranged Weapons | 6 7 8 9 |  9.0
Armour         | 1 |  1.0
Fighting       | 2 |  2.0
Dodging        | |  2.4
Stealth        | |  1.2

Action                     |  1- 3 |  4- 6 || total
---------------------------+-------+-------++-------
   Fire: Shortbow          |   113 |   156 ||   269
    Use: Scroll            |     3 |     8 ||    11
         Potion            |     1 |     1 ||     2
 Armour: Leather armour    |     6 |     3 ||     9
         Ring mail         |       |    20 ||    20
  Dodge: Dodged            |    17 |    28 ||    45

Table legend:
 A = Non-vault XP
 B = Vault XP
 C = Vault XP percentage of total XP
 D = Non-vault monster count
 E = Vault monster count
 F = Vault count percentage of total count
                 A         B        C        D         E       F
            +---------+---------+-------+---------+---------+-------
      Total |     323 |      37 |  10.3 |      90 |       1 |   1.1
            +---------+---------+-------+---------+---------+-------
        D:1 |      65 |       0 |   0.0 |      33 |       0 |   0.0
        D:2 |      71 |       0 |   0.0 |      28 |       0 |   0.0
        D:3 |     146 |      37 |  20.2 |      26 |       1 |   3.7
        D:4 |      41 |       0 |   0.0 |       3 |       0 |   0.0
            +---------+---------+-------+---------+---------+-------
